 Dungeon Crawl Stone Soup version 0.22-a0-248-gc8378ba (webtiles) character file.

36 sankara the Charmwright (level 3, -2/29 HPs)
             Began as a Ghoul Skald on Feb 28, 2018.
             Slain by Jessica
             ... wielding a +0 dagger
              (4 damage)
             ... on level 1 of the Dungeon.
             The game lasted 00:06:37 (1048 turns).

sankara the Charmwright (Ghoul Skald)               Turns: 1048, Time: 00:06:38

Health: -2/29      AC:  3    Str: 13 (14) XL:     3   Next: 37%
Magic:  4/5        EV: 11    Int:  8 (9)  God:
Gold:   29         SH:  0    Dex:  7 (8)  Spells: 3/6 levels left

rFire    . . .     SeeInvis .   i - +0 whip
rCold    + . .     Gourm    .   (no shield)
rNeg     + + +     Faith    .   b - +0 leather armour
rPois    ∞         Spirit   .   (no helmet)
rElec    .         Reflect  .   (no cloak)
rCorr    .         Harm     .   (no gloves)
MR       .....                  (no boots)
Stlth    +.........             (no amulet)
HPRegen  0.00/turn              (no ring)
MPRegen  0.09/turn              (no ring)

@: flying, rotting, slowed, very slow
A: rotting body, claws 1, carnivore, cold resistance 1, negative energy
resistance 3, inhibited regeneration, torment resistance, unbreathing
a: no special abilities


You were on level 1 of the Dungeon.
You were not hungry.

You visited 1 branch of the dungeon, and saw 2 of its levels.

You collected 29 gold pieces.

Inventory:

Hand Weapons
 g - a +2 dagger of holy wrath
   (You found it on level 1 of the Dungeon)
 i - a +0 whip (weapon)
   (You took it off a kobold on level 1 of the Dungeon)
Missiles
 d - 43 stones (quivered)
Armour
 b - a +0 leather armour (worn)
 e - a +2 shield
   (You found it on level 1 of the Dungeon)
Comestibles
 c - 3 rations
 h - 2 chunks of flesh {@w0}


   Skills:
 - Level 2.1 Fighting
 * Level 2.6 Maces & Flails
 - Level 0.8 Armour
 - Level 1.7 Dodging
 + Level 2.1 Spellcasting
 + Level 3.0 Charms
 + Level 0.2 Translocations


You had 3 spell levels left.
You knew the following spells:

 Your Spells              Type           Power        Failure   Level  Hunger
a - Infusion              Chrm           #...         13%         1    ##.....
b - Shroud of Golubria    Chrm/Tloc      #.........   34%         2    ###....


Dungeon Overview and Level Annotations

Branches:
Dungeon (2/15)

Altars:

Annotations:
D:1 Jessica, Terence


Innate Abilities, Weirdness & Mutations

Your body is rotting away.
You thrive on raw meat.
You are immune to poison.
You have sharp fingernails.
You are carnivorous and can eat meat at any time.
Your flesh is cold resistant. (rC+)
You are immune to negative energy. (rN+++)
You do not regenerate when monsters are visible.
You are immune to unholy pain and torment.
You can survive without breathing.


Message History

The hobgoblin barely misses you.
You hit the hobgoblin.
You kill the hobgoblin!
There isn't anything to butcher here.
d - 40 stones (gained 1)
d - 41 stones (gained 1)
Things that are here:
a dagger; a kobold corpse You butcher the kobold corpse.
h - 2 chunks of flesh {@w0} (gained 1)
Things that are here:
a dagger; a kobold skeleton
d - 43 stones (gained 2);
h - 3 chunks of flesh {@w0} (gained 1)
You start resting.
Magic restored.
HP restored.
Some of the chunks of flesh in your inventory have rotted away.
Found a stone staircase leading down.
You now have 29 gold pieces (gained 10).
There is a stone staircase leading down here.
There is a stone staircase leading down here.
You fall through a shaft!
The shaft crumbles and collapses.
Found a stone staircase leading up.
Marking area around Terence as unsafe for travelling.
Terence the Incautious comes into view.
He is wielding an enchanted hand axe.
Terence shouts!
Casting: Shroud of Golubria (safe; 30% risk of failure)
Confirm with . or Enter, or press ? or * to list all spells.
Space distorts slightly along a thin shroud covering your body.
Casting: Shroud of Golubria (safe; 30% risk of failure)
Confirm with . or Enter, or press ? or * to list all spells.
You begin infusing your attacks with magical energy.
Terence misses you.
You closely miss Terence. You barely miss Terence.
Terence hits you but does no damage.
You barely miss Terence.
Your shroud begins to fray at the edges.
Your shroud bends Terence's attack away.
You hit Terence.
Terence is lightly wounded.
Terence hits you but does no damage.
You hit Terence.
Terence is moderately wounded.
Terence hits you with an enchanted hand axe.
Your shroud falls apart!
You closely miss Terence.
Terence is moderately wounded.
Terence hits you with an enchanted hand axe.
Jessica opens the door.
Jessica shouts!
You hit Terence.
Terence is moderately wounded.
You hear a shout!
Terence hits you but does no damage.
Jessica shouts, "You are a ghastly nuisance!"
It was a potion of curing.
You feel better.
Terence hits you with an enchanted hand axe.
Jessica hits you with a dagger.
Okay, then.
Jessica gestures wildly while chanting.
Jessica blinks!
It was a potion of flight.
You feel very buoyant.
You fly up into the air.
Your magical infusion is running out.
Terence hits you with an enchanted hand axe.
It was a potion of mutation.
You feel extremely strange.
Your body decomposes!
You feel dopey.
Your body decomposes!
You feel clumsy.
Your body decomposes!
You feel weakened.
A hobgoblin comes into view.
Unknown command.
Terence hits you but does no damage. The hobgoblin hits you.
Terence hits you but does no damage.
Jessica points at you and mumbles some strange words.
You feel yourself slow down. The hobgoblin barely misses you.
Jessica barely misses you. Jessica hits you with a dagger.
The hobgoblin evokes its amulet.
The hobgoblin goes berserk!
Terence asks, "Do you want it fast or slow?"
Terence hits you with an enchanted hand axe.
There is a stone staircase leading up here.
You are no longer magically infusing your attacks.
The hobgoblin hits you but does no damage.
Jessica hits you with a dagger. The hobgoblin hits you.
* * * LOW HITPOINT WARNING * * *
Terence hits you with an enchanted hand axe.
* * * LOW HITPOINT WARNING * * *
You fly upwards.
There is a stone staircase leading down here.
As you read the scroll labeled ODUEKUG XYTOPUED, it crumbles to dust.
You experience a momentary feeling of inescapable doom!
It was a scroll of random uselessness.
The hobgoblin barely misses you.
Jessica grins evilly.
Jessica hits you with a dagger.
You die...

......#.####.......# ############
#..##.#.# ##..#'### #...........
.#>##.#.#####....# #.###..#####
.#.##............# #.# #..#####
.#.#####'#####...#####.###.......
...#.........#...................
...#....))...#...#####......##.#.
...#..⌠...⌠..#...# #########.#.
...#.........#.g@# #.#.
##.+....<....'.@@# #.#.
#.#.........#...## #.#.
#.#..⌠...⌠..#.#..# #.#.
#.#.........#.#..#### #.#.
##.#.........#.......# #.#.
...#####+#######..##.#########.#.
##.......# ##.#.....#......#.
######### #.....#.##.#####.


You could see Terence, Jessica and a hobgoblin (berserk).

Vanquished Creatures
  An ooze (D:1)
  2 dart slugs (D:1)
  2 leopard geckos (D:1)
  2 bats (D:1)
  3 giant cockroaches (D:1)
  4 goblins (D:1)
  A hobgoblin (D:1)
  5 kobolds (D:1)
  A frilled lizard (D:1)
  4 rats (D:1)
25 creatures vanquished.

Notes
Turn   | Place    | Note
-------+----------+-------------------------------------------
     0 | D:1      | sankara the Ghoul Skald began the quest for the Orb.
     0 | D:1      | Reached XP level 1. HP: 17/17 MP: 2/2
    41 | D:1      | HP: 4/17 [goblin/dagger (2)]
    72 | D:1      | Reached skill level 2 in Maces & Flails
   139 | D:1      | Reached XP level 2. HP: 24/24 MP: 3/3
   286 | D:1      | Reached skill level 2 in Spellcasting
   508 | D:1      | Learned a level 2 spell: Shroud of Golubria
   587 | D:1      | Reached XP level 3. HP: 25/29 MP: 2/5
   642 | D:1      | Reached skill level 3 in Charms
  1019 | D:1      | You fall through a shaft!
  1027 | D:2      | Noticed Terence
  1038 | D:2      | Noticed Jessica
  1046 | D:2      | HP: 7/29 [hobgoblin (6)]
  1046 | D:2      | HP: 2/29 [Terence/enchanted hand axe (5)]
  1048 | D:1      | Slain by Jessica

Vault maps used:
D:1:      mushboom_english_gardens, minmay_split_cup_small
D:2:      amethyst_overflow_temple_binary, first_ration, uniq_jessica,
          uniq_terence

Skill      XL: |  1  2  3 |
---------------+----------+-----
Maces & Flails | 2 |  2.6
Spellcasting   | 2 |  2.1
Charms         | 3 |  3.0
Fighting       | |  2.1
Armour         | |  0.8
Dodging        | |  1.7
Translocations | |  0.2

Action                   || total
-------------------------++-------
Melee: Mace              ||    50
       Whip              ||    77
 Cast: Infusion          ||     6
       Shroud of Golubri ||     6
  Use: Potion            ||     3
       Scroll            ||     1
  Eat: Chunk             ||    11
Armor: Leather armour    ||    42
Dodge: Dodged            ||    86

Table legend:
 A = Spawn XP
 B = Non-spawn XP
 C = Spawn XP percentage of total XP
 D = Spawn monster count
 E = Non-spawn monster count
 F = Spawn count percentage of total count
 G = Total turns spent on level
                    A         B        C        D         E        F      G
               +---------+---------+-------+---------+---------+-------+---------
         Total |       0 |      52 |   0.0 |       0 |      25 |   0.0 |  1048
               +---------+---------+-------+---------+---------+-------+---------
           D:1 |       0 |      52 |   0.0 |       0 |      25 |   0.0 |  1020
               +---------+---------+-------+---------+---------+-------+---------

Vault maps used:
D:1:      mushboom_english_gardens, minmay_split_cup_small
D:2:      amethyst_overflow_temple_binary, first_ration, uniq_jessica,
          uniq_terence

Table legend:
 A = Turns spent in this place as a percentage of turns spent in the entire game.
 B = Non-inter-level travel turns spent in this place as a percentage of non-inter-level travel turns spent in the entire game.
 C = Inter-level travel turns spent in this place as a percentage of turns spent in this place.
 D = Turns resting spent in this place as a percentage of non-inter-level travel turns spent in this place.
 E = Turns spent auto-exploring this place as a percentage of non-inter-level travel turns spent in this place.
 F = Non-inter-level travel turns spent in this place divided by the number of levels of this place that you've seen.
                   A       B       C       D       E      F
               +-------+-------+-------+-------+-------+----------------------
         Total | 100.0 | 100.0 |   0.0 |  34.9 |  32.2 | 524.0
       Dungeon | 100.0 | 100.0 |   0.0 |  34.9 |  32.2 | 524.0
               +-------+-------+-------+-------+-------+----------------------

Table legend:
 A = Kills in this place as a percentage of kills in entire the game.
 B = Kills by you in this place as a percentage of kills by you in the entire game.
 C = Kills by friends in this place as a percentage of kills by friends in the entire game.
 D = Other kills in this place as a percentage of other kills in the entire game.
 E = Experience gained in this place as a percentage of experience gained in the entire game.
 F = Experience gained in this place divided by the number of levels of this place that you have seen.
                   A       B       C       D       E      F
               +-------+-------+-------+-------+-------+----------------------
         Total | 100.0 | 100.0 |   N/A |   N/A | 100.0 |  26.0
       Dungeon | 100.0 | 100.0 |   N/A |   N/A | 100.0 |  26.0
               +-------+-------+-------+-------+-------+----------------------
